cohdb
Replays
Latest Replays
All Replays
Popular Replays
Top Player Replays
Match Explorer
How It Works
Community
CoH3 Stats
Reddit
Sign in to upload your games and track your stats! →
Sign in with Steam
Match 42236405
Unlisted
Match 42236405
Overview
Messages
Build Orders
End
Scout Squad
Construct Barracks
1⁄4-ton 4x4 Truck
Riflemen Squad
Riflemen Squad
Riflemen Squad
Infantry Support Center
Construct Medical Station
Construct Motor Pool
Riflemen Squad
M8 Greyhound Armored Car
Riflemen Squad
Engineer Squad
M1 Anti-tank Gun Team
Demolitions Package
M1918 Browning Automatic Rifles
M24 Chaffee Light Tank
The Sloth
Monsieur Nathan
0
0
Comments
sign in to comment!
No comments posted yet!